 Dungeon Crawl Stone Soup version 0.32-a0-999-gfa1cc04b1d (webtiles) character file.

Game seed: 18174280609816638891

1273 Findleman the Fighter (level 8, -7/78 HPs)
             Began as a Minotaur Fighter on Apr 25, 2024.
             Was an Initiate of Gozag.
             Killed from afar by Maurice (17 damage)
             ... with an iceblast
             ... on level 7 of the Dungeon.
             The game lasted 00:04:18 (5037 turns).

Findleman the Fighter (Minotaur Fighter)            Turns: 5037, Time: 00:04:19

Health: -7/78      AC:  9    Str: 24    XL:     8   Next: 28%
Magic:  0/7        EV:  8    Int:  5    God:    Gozag
Gold:   0          SH:  4    Dex:  9    Spells: 7/7 levels left

rFire   . . .        a - +0 war axe
rCold   . . .        c - +0 buckler
rNeg    . . .        b - +0 scale mail
rPois   +            (helmet restricted)
rElec   .            (no cloak)
rCorr   .            r - +0 pair of gloves
SInv    .            y - +0 pair of boots
Will    +....        (no amulet) Stlth
                     g - ring of willpower
HPRegen 0.33/turn    p - ring of poison resistance
MPRegen 0.10/turn

%: no passive effects
@: mighty
A: horns 2, retaliatory headbutt
a: Renounce Religion, Potion Petition, Call Merchant, Bribe Branch


You were on level 7 of the Dungeon.
You worshipped Gozag.
Gozag was noncommittal.
You visited 1 branch of the dungeon, and saw 7 of its levels.

You collected 54 gold pieces.
You paid 54 gold pieces to Gozag.

Inventory:

Hand Weapons
 a - a +0 war axe (weapon)
Armour
 b - a +0 scale mail (worn)
 c - a +0 buckler (worn)
 r - a +0 pair of gloves (worn)
 y - a +0 pair of boots (worn)
Jewellery
 g - a ring of willpower (left hand)
 p - a ring of poison resistance (right hand)
Wands
 h - a wand of flame (4)
 t - a wand of iceblast (12)
Scrolls
 e - 3 scrolls of identify {unknown}
 f - 3 scrolls of amnesia {unknown}
 i - 2 scrolls of revelation {unknown}
 j - a scroll of brand weapon {unknown}
 m - 2 scrolls of immolation {unknown}
 q - a scroll of blinking {unknown}
 s - 3 scrolls of vulnerability {unknown}
 u - a scroll of enchant weapon {unknown}
 v - a scroll of teleportation {unknown}
 w - a scroll of acquirement {unknown}
 x - a scroll of poison {unknown}
 B - a scroll of torment {unknown}
 D - 2 scrolls of butterflies {unknown}
 E - a scroll of fog {unknown}
Potions
 d - 3 potions of might
 k - 6 potions of curing {unknown}
 l - a potion of haste {unknown}
 n - a potion of heal wounds {unknown}
 o - a potion of resistance {unknown}
 z - a potion of attraction {unknown}
 A - a potion of cancellation {unknown}


   Skills:
 + Level 9.3 Fighting
 + Level 8.9 Axes
 - Level 3.6 Armour
 - Level 3.6 Shields


You had 7 spell levels left.
You didn't know any spells.
Your spell library contained the following spells:

 Spells                   Type           Power      Damage    Failure   Level
 Magic Dart               Conj           0%         1d3       83%         1
 Searing Ray              Conj           0%         2d4       93%         2
 Fulminant Prism          Conj/Alch      0%         3d5       100%        4


Dungeon Overview and Level Annotations

Branches:
Dungeon (7/15)             Temple (0/1) D:6

Altars:
Gozag
Hepliaklqana
Kikubaaqudgha
Qazlal
Vehumet

Annotations:
D:7 Maurice


Innate Abilities, Weirdness & Mutations

You have a pair of horns on your head.
You reflexively headbutt those who attack you in melee.


Message History

Something bites you but does no damage.
You miss something. Your headbutt misses something.
Something hits you but does no damage. Something bites you.
You feel your power leaking away. Something drains your magic.
You closely miss something. Something hits you but does no damage.
Something bites you but does no damage.
You closely miss something. Your headbutt misses something. Something hits you!
Something mutters, "Now where did you hide it?"
Something bites you. Something drains your magic. Something hits you!
Something mutters, "Now where did you hide it?"
Something bites you. Something drains your magic.
You miss something. Something hits you but does no damage.
Something bites you but does no damage.
You feel very mighty all of a sudden. Something hits you!
Something mutters, "Now where did you hide it?"
Something bites you.
* * * LOW HITPOINT WARNING * * *
Something drains your magic.
You barely miss something.
You hear a zap.
An iceblast appears from out of thin air!
The mass of ice explodes!
The iceblast engulfs you!
* * * LOW HITPOINT WARNING * * *
The iceblast engulfs something!!
You hit something but do no damage. Your headbutt misses something.
Something hits you.
* * * LOW HITPOINT WARNING * * *
Something mutters, "Now where did you hide it?"
Something bites you.
* * * LOW HITPOINT WARNING * * *
You feel your power leaking away. Something drains your magic.
You miss something. Your headbutt misses something.
You hear a zap.
An iceblast appears from out of thin air!
The mass of ice explodes!
The iceblast engulfs you!
You die...
Your body crumbles into a pile of gold.

###############+#
#..........@{...#
#.#############.#
#.# #.# #.# #.#
#.# #.# #.#


There were no monsters in sight!

Vanquished Creatures
  A black bear (D:6)
  3 ogres (D:4)
  A centaur (D:5)
  A bullfrog (D:6)
  A scorpion (D:4)
  3 bombardier beetles
  3 hounds (D:5)
  2 orc priests
  A jelly (D:4)
  A gnoll bouda (D:4)
  5 iguanas
  3 sleepcaps
  An orc wizard (D:4)
  Robin (D:2)
  3 gnolls (D:5)
  2 adders (D:4)
  A shadow imp (D:6)
  4 dart slugs
  A ribbon worm (D:3)
  12 orcs
  12 ball pythons
  9 bats
  5 endoplasms
  4 giant cockroaches
  13 goblins
  6 hobgoblins
  4 jackals (D:3)
  5 quokkas
  2 frilled lizards
  9 kobolds
  5 rats
124 creatures vanquished.

Notes
Turn   | Place    | Note
-------+----------+-------------------------------------------
     0 | D:1      | Findleman the Minotaur Fighter began the quest for the Orb.
     0 | D:1      | Reached XP level 1. HP: 19/19 MP: 0/0
   101 | D:1      | Reached skill level 4 in Fighting
   124 | D:1      | Reached XP level 2. HP: 27/27 MP: 1/1
   444 | D:1      | Found a faded altar of an unknown god.
   803 | D:2      | Reached XP level 3. HP: 33/34 MP: 2/2
   846 | D:2      | Noticed Robin
   863 | D:2      | Killed Robin
  1063 | D:2      | Reached XP level 4. HP: 40/41 MP: 3/3
  1150 | D:2      | Reached skill level 5 in Fighting
  1568 | D:3      | Identified the +1 sling "Angaz" {heavy, rF+ Str+3 Int+4
                  | Dex+2}
  1851 | D:3      | Found a radiant altar of Vehumet.
  2079 | D:4      | Reached XP level 5. HP: 50/50 MP: 4/4
  2085 | D:4      | Reached skill level 5 in Axes
  2170 | D:4      | Noticed an ogre
  2173 | D:4      | Killed an ogre
  2174 | D:4      | Reached skill level 6 in Fighting
  2174 | D:4      | Reached XP level 6. HP: 57/57 MP: 5/5
  2202 | D:4      | Found an opulent altar of Gozag.
  2207 | D:4      | Became a worshipper of Gozag Ym Sagoz the Greedy
  2418 | D:4      | Found a stormy altar of Qazlal.
  2420 | D:4      | Noticed a water elemental
  2421 | D:4      | Noticed a fire elemental
  2421 | D:4      | Noticed an air elemental
  2640 | D:4      | Reached skill level 7 in Fighting
  2648 | D:4      | Reached XP level 7. HP: 58/66 MP: 6/6
  3284 | D:5      | Entered Level 5 of the Dungeon
  3447 | D:5      | Reached skill level 8 in Fighting
  3510 | D:5      | Found a faded altar of an unknown god.
  3510 | D:5      | Found a faded altar of an unknown god.
  3512 | D:5      | Found a hazy altar of Hepliaklqana.
  3862 | D:5      | Reached XP level 8. HP: 60/75 MP: 7/7
  4147 | D:6      | Reached skill level 9 in Fighting
  4280 | D:6      | Found a staircase to the Ecumenical Temple.
  4869 | D:6      | Found an ancient bone altar of Kikubaaqudgha.
  5019 | D:7      | Noticed Maurice
  5023 | D:7      | Something stole a +4 ring of slaying
  5025 | D:7      | Something stole 539 gold
  5037 | D:7      | Killed from afar by Maurice

Illustrated notes

Levels and vault maps discovered:
D:1:      erik_arrival_orb_chamber, layout_loops_cross,
          shapermc_ecumenical_altar_flowoftime
D:2:      layout_rooms, dk_vineyard_1, uniq_robin
D:3:      layout_loops_ring, vehumet_crystals
D:4:      layout_cave_pods, mainiacjoe_overflow_24_doors,
          nicolae_qazlal_style_of_elements, st_stairs_3, grunt_decor_one_mirror,
          minmay_cut_off
D:5:      layout_loops_ring, nicolae_hepliaklqana_ecumenical_no_more
D:6:      layout_layer_cave, mainiacjoe_overflow_brackets, temple_hall
D:7:      layout_basic, nicolae_ossuary_entry_ruins, enter_bailey_5,
          minmay_fractal_squares_5, uniq_maurice

Skill      XL: |  1  2  3  4  5  6  7  8 |
---------------+-------------------------+-----
Fighting       | 4 5 6 7 8 9 |  9.3
Axes           | 3 4 5 6 8 |  8.9
Armour         | |  3.6
Shields        | |  3.6

Action                     |  1- 3 |  4- 6 |  7- 9 || total
---------------------------+-------+-------+-------++-------
  Melee: War axe           |    95 |    83 |   102 ||   280
         Headbutt          |     6 |    11 |    15 ||    32
    Use: Potion            |       |       |     1 ||     1
 Armour: Scale mail        |    92 |    41 |   110 ||   243
  Dodge: Dodged            |    45 |    31 |    28 ||   104
  Block: Buckler           |    24 |    14 |    13 ||    51

Table legend: (Time is in decaauts)
 A = Elapsed time spent in this place.
 B = Non-inter-level travel time spent in this place.
 C = Inter-level travel time spent in this place.
 D = Time resting spent in this place.
 E = Time spent auto-exploring this place.
 F = Levels seen in this place.
 G = Mean time per level.
                   A        B        C        D        E       F      G
               +--------+--------+--------+--------+--------+-----+--------+
         Total |   5109 |   4901 |    208 |    253 |   3899 |   7 |  729.9 |
       Dungeon |   5109 |   4901 |    208 |    253 |   3899 |   7 |  729.9 |
               +--------+--------+--------+--------+--------+-----+--------+

Top non-repeatable levels by time:
     D:4: 1235 daAuts
     D:6: 889 daAuts
     D:5: 826 daAuts
     D:1: 789 daAuts
     D:3: 778 daAuts
     D:2: 540 daAuts
     D:7: 48 daAuts
